AoeStats
← 31_Ciro_Arg

Golden Pit

507603805Analyzed
1v1 RM · 15d ago on Sep 19, 2026· 28m 43s· 2 players
Game mode
Random Map
Map size
Tiny (2 player)
Population
200
Speed
Normal
Resources
Standard
Victory
Conquest
Starting age
Dark Age
Ending age
Imperial Age
RankedLock teamsTeams togetherTeam positionsShared explorationLock speedFull tech treeHidden civsTurbo modeCheats
Victory
Defeat
🇲🇽 Mongols · Mexico
1015
+14
🇦🇷 Ethiopians · Argentina
975
-14
31_Ciro_Arg
8:33 Loom
10:56 Feudal Age
29:48 Wheelbarrow
perrolocoo5765
6:34 Loom
9:21 Feudal Age
10:05 Double-Bit Axe
12:15 Fletching
19:47 Scale Barding Armor
26:16 Castle Age
24:40 Bloodlines
24:59 Padded Archer Armor
25:50 Forging
26:01 Horse Collar
27:15 Husbandry
27:31 Bodkin Arrow
Connection lost

Rejoining the realm…

Still unreachable

The connection could not be restored.

Session expired

The server has moved on; the page needs a fresh start.